 Dungeon Sprint DCSS version 0.27-a0-773-gaaee5cf45b (webtiles) character file.

Game seed: 13870766189558022779

1 sahdkjhfkaj the Magician (level 1, -5/22 HPs)
             Began as a Djinni Earth Elementalist on Mar 25, 2021.
             Was an Initiate of Makhleb.
             Slain by a scorpion (8 damage)
             ... in the Dungeon (Sprint VII: "The Pits").
             The game lasted 00:00:28 (173 turns).

sahdkjhfkaj the Magician (Djinni Earth Elementalist) Turns: 173, Time: 00:00:29

Health: -5/22      AC:  2    Str:  7    XL:     1   Next: 20%
Gold:   0          EV: 12    Int: 16    God:    Makhleb [......] SH:  0 Dex: 13

rFire    + + .     SeeInvis .   j - +2 quarterstaff
rCold    x . .     Faith    .   (shield currently unavailable)
rNeg     . . .     Spirit   .   c - +0 robe
rPois    ∞         Reflect  .   (no helmet)
rElec    .         Harm     .   (no cloak)
rCorr    .         Rampage  .   (no gloves)
Will     .....     NoTele   +   (boots unavailable)
Stlth    ..........             (no amulet)
HPRegen  0.07/turn              (no ring)
MPRegen  0.00/turn              (no ring)

@: berserking, flying, very slightly contaminated, very quick
A: fire resistance 2, cold vulnerability 1, float, innate caster, hp casting,
extra vitality 1
a: Renounce Religion


You were in the Dungeon.
You worshipped Makhleb.
Makhleb was noncommittal.
You visited 1 branch

Inventory:

Hand Weapons
 j - a +2 quarterstaff (weapon)
Missiles
 b - 39 stones
Armour
 c - a +0 robe (worn)
Scrolls
 h - a scroll of blinking
 i - a scroll of summoning
Potions
 a - 2 potions of invisibility
 e - a potion of heal wounds
 f - a potion of haste
 g - 2 potions of berserk rage


   Skills:
 - Level 2.1 Dodging
 - Level 1.5 Stealth
 + Level 3.2 Spellcasting


You couldn't memorise any spells.
You knew the following spells:

 Your Spells              Type           Power      Damage    Failure   Level
a - Sandblast             Erth           26%        2d8       4%          1
b - Passwall              Tmut/Erth      10%        N/A       7%          2
c - Stone Arrow           Conj/Erth      26%        3d8       14%         3
d - Petrify               Tmut/Erth      13%        N/A       43%         4
e - Lee's Rapid Deconstr  Erth           6%         3d7*      78%         5
Your spell library was empty.

Dungeon Overview and Level Annotations

Branches:
Dungeon (1/1)

Altars:
Ashenzari
Cheibriados
Dithmenos
Elyvilon
Fedhas
Gozag
Hepliaklqana
Kikubaaqudgha
Makhleb
Nemelex Xobeh
Okawaru
Qazlal
Ru
Sif Muna
Trog
Uskayaw
Vehumet
Wu Jian
Xom
Yredelemnul
Zin
The Shining One
Beogh
Jiyva
Lugonu


Innate Abilities, Weirdness & Mutations

You are immune to poison.
Your flesh is very heat resistant. (rF++)
You are vulnerable to cold. (rC-)
You float through the air rather than walking.
You learn spells naturally, not from books.
Your magical power is your life essence.
You have superior vitality. (+4 HP)


Message History

g - 3 potions of berserk rage (gained 2)
a - 2 potions of invisibility You see here 2 potions of magic.
b - 40 stones (gained 10)
i - a scroll of summoning
Things that are here:
2 scrolls of vulnerability; 5 scrolls of amnesia
Things that are here:
2 scrolls of vulnerability; 5 scrolls of amnesia You see here 2 potions of magic.
There is an open door here.
Things that are here:
a +2 quarterstaff; a +2 trident
j - a +2 quarterstaff (weapon)
Things that are here:
a +2 falchion; a +2 dagger
Things that are here:
a +2 mace; a +2 hand axe
There is an open door here.
As you open the door, it creaks loudly!
A scorpion and a hobgoblin come into view.
The blast of sand misses the scorpion.
The scorpion stings you but does no damage.
You miscast Sandblast.
You are very lightly contaminated with residual magic.
Nothing appears to happen.
The scorpion stings you!
Ouch! That really hurt!
You feel better. The scorpion stings you.
A red film seems to cover your vision as you go berserk!
You feel yourself moving faster!
You feel mighty! The scorpion stings you!
* * * LOW HITPOINT WARNING * * *
You hit the scorpion.
The scorpion is lightly wounded.
The scorpion stings you.
* * * LOW HITPOINT WARNING * * *
Unknown command.
You thump the scorpion!
The scorpion is almost dead.
The scorpion stings you!
You die...

############
#_________.#
#_________.#
#_______...###########++
##########'##...........
#.?.!')))'.##......#..#
##########.##..........
#†......@...'...........
#+#####s#####......#..#.
#g #........... #.
####'#####+ +. #.......#
## #.......# #.......#
#...<...# #.......#


You could see a scorpion and a hobgoblin.

Vanquished Creatures
  A bat (D)
1 creature vanquished.

Notes
Turn   | Place    | Note
-------+----------+-------------------------------------------
     0 | D        | sahdkjhfkaj the Djinni Earth Elementalist began the quest
                  | for the Orb.
     0 | D        | Reached XP level 1. HP: 15/15 MP: 0/0
    40 | D        | Reached skill level 3 in Spellcasting
   123 | D        | Found a bloodstained altar of Trog.
   123 | D        | Found a viscous altar of Jiyva.
   123 | D        | Found a hazy altar of Hepliaklqana.
   123 | D        | Found an opulent altar of Gozag.
   124 | D        | Found a glowing golden altar of the Shining One.
   124 | D        | Found a glowing silver altar of Zin.
   124 | D        | Found a basalt altar of Yredelemnul.
   124 | D        | Found a shimmering altar of Xom.
   124 | D        | Found an ornate altar of the Wu Jian Council.
   124 | D        | Found a sacrificial altar of Ru.
   124 | D        | Found a stormy altar of Qazlal.
   124 | D        | Found an iron altar of Okawaru.
   124 | D        | Found a sparkling altar of Nemelex Xobeh.
   124 | D        | Found a burning altar of Makhleb.
   124 | D        | Found a blossoming altar of Fedhas.
   124 | D        | Found a white marble altar of Elyvilon.
   124 | D        | Found a shadowy altar of Dithmenos.
   124 | D        | Found a snail-covered altar of Cheibriados.
   125 | D        | Found a corrupted altar of Lugonu.
   126 | D        | Found a hide-covered altar of Uskayaw.
   126 | D        | Found a broken altar of Ashenzari.
   133 | D        | Became a worshipper of Makhleb the Destroyer
   167 | D        | Noticed a scorpion
   173 | D        | Slain by a scorpion

Illustrated notes

Levels and vault maps discovered:
D:        pitsprint [storerooms_1, entrance_room_1, metal_vault_4, armoury_2,
          mini_pit_1, grid_room_1, main_hall_1, silver_pit, the_coven_1,
          the_vestibule_1, steel_vault_1, golden_pit, hallway_of_sentries,
          crystal_vault_4, iron_vault_4, final_vault]

Skill      XL: |  1 |
---------------+----+-----
Spellcasting   | 3 |  3.2
Dodging        | |  2.1
Stealth        | |  1.5

Action                   || total
-------------------------++-------
Melee: Unarmed           ||    19
       Quarterstaff      ||     2
 Cast: Sandblast         ||     1
  Use: Potion            ||     2
Armor: Robe              ||    15
Dodge: Dodged            ||    24

Table legend: (Time is in decaauts)
 A = Elapsed time spent in this place.
 B = Non-inter-level travel time spent in this place.
 C = Inter-level travel time spent in this place.
 D = Time resting spent in this place.
 E = Time spent auto-exploring this place.
 F = Levels seen in this place.
 G = Mean time per level.
                   A        B        C        D        E       F      G
               +--------+--------+--------+--------+--------+-----+--------+
         Total |    172 |    172 |      0 |     75 |      0 |   1 |  172.0 |
       Dungeon |    172 |    172 |      0 |     75 |      0 |   1 |  172.0 |
               +--------+--------+--------+--------+--------+-----+--------+

Top non-repeatable levels by time:
       D: 172 daAuts
